 Dungeon Crawl Stone Soup version 0.18.1-5-g4a78601 (webtiles) character file.

35 RepoMan the Grasshopper (level 3, -1/27 (29) HPs)
             Began as a Ghoul Warper on May 11, 2016.
             Killed by divine providence
             ... invoked by an orc priest
              (11 damage)
             ... on level 2 of the Dungeon.
             The game lasted 00:06:49 (1187 turns).

RepoMan the Grasshopper (Ghoul Warper)              Turns: 1187, Time: 00:06:50

HP:   -1/27 (29)    AC:  3    Str: 14    XL:     3   Next: 33%
MP:   5/5           EV: 11    Int:  9    God:
Gold: 105           SH:  0    Dex:  8    Spells: 2 memorised, 3 levels left

rFire  . . .     SeeInvis .     a - +0 falchion
rCold  + . .     Gourm    .     b - +0 leather armour
rNeg   + + +     Faith    .     (no shield)
rPois  ∞         Spirit   .     (no helmet)
rElec  .         Dismiss  .     (no cloak)
rCorr  .         Reflect  .     (no gloves)
SustAt .         Harm     .     (no boots)
MR     .....                    (no amulet)
Stlth  +.........               (no ring)
                                (no ring)

@: rotting, not resistant to hostile enchantments, very unstealthy
A: rotting body, claws 1, carnivore 3, cold resistance 1, negative energy
resistance 3, slow regeneration 1, torment resistance, unbreathing
a: no special abilities


You were on level 2 of the Dungeon.
You were not hungry.

You visited 1 branch of the dungeon, and saw 3 of its levels.

You collected 105 gold pieces.

Inventory:

Hand Weapons
 a - a +0 falchion (weapon)
 u - a +0 war axe
Missiles
 e - 5 tomahawks of dispersal (quivered)
 j - 23 bolts
 n - 16 poisoned needles
Armour
 b - a +0 leather armour (worn)
 i - a +0 pair of gloves
Jewellery
 p - an uncursed amulet of rage {unknown}
 w - an uncursed ring of protection from fire {unknown}
Scrolls
 d - 2 scrolls of blinking
 g - 2 scrolls of teleportation {unknown}
 k - 4 scrolls of identify {unknown}
 m - a scroll of noise {unknown}
 q - 2 scrolls of fear {unknown}
 t - a scroll of enchant weapon {unknown}
 v - a scroll of recharging {unknown}
Potions
 h - a potion of brilliance {unknown}
 l - 2 potions of degeneration {unknown}
 r - a potion of agility {unknown}
 s - a potion of heal wounds {unknown}
Books
 c - a book of Spatial Translocations

   Spells                             Type                      Level
   a - Apportation                    Translocation                1
   b - Blink                          Translocation                2
   c - Shroud of Golubria             Charms/Translocation         2
   d - Portal Projectile              Translocation                3
   e - Teleport Other                 Translocation                3
   f - Passage of Golubria            Translocation                4
Comestibles
 f - 2 meat rations
 o - a slice of pizza


   Skills:
 - Level 2.1 Fighting
 * Level 2.1 Long Blades
 - Level 0.8 Throwing
 + Level 1.6 Armour
 + Level 2.0 Dodging
 * Level 2.2 Spellcasting
 + Level 2.8 Translocations


You had 3 spell levels left.
You knew the following spells:

 Your Spells              Type           Power        Failure   Level  Hunger
a - Apportation           Tloc           #.........   14%         1    ##.....
b - Blink                 Tloc           N/A          21%         2    ###....


Dungeon Overview and Level Annotations

Branches:
Dungeon (3/15)

Altars:
Fedhas


Innate Abilities, Weirdness & Mutations

Your body is rotting away.
You thrive on raw meat.
You are immune to poison.
You have sharp fingernails.
You are carnivorous and can eat meat at any time.
Your flesh is cold resistant.
You are immune to negative energy.
You regenerate slowly when monsters are visible.
You are immune to unholy pain and torment.
You can survive without breathing.


Message History

A sky beast, 4 orcs and an orc priest come into view.
The orc shouts! x4; The orc priest shouts!
Found a scroll labeled UMEFARE VE YBU.
There is a stone staircase leading up here.
The sky beast flickers out of sight!
Deactivating autopickup; reactivate with Ctrl-A.
You climb upwards.
There is a stone staircase leading down here.
You closely miss the orc priest. The orc hits you but does no damage.
The orc priest hits you with a hand axe.
You hit the orc priest but do no damage.
The orc hits you but does no damage.
The orc priest invokes the aid of Beogh against you.
Beogh smites you!
You hit the orc priest.
The orc priest is lightly wounded.
The orc hits you with a dagger.
The orc priest mumbles some strange prayers to Beogh against you.
Beogh smites you!
You die...

###################
#.................#
#.###.#.##..#####.#
#.....#.##..#####.####
#.##..oo.............#
#.##.(#@##..#####.##.#
#.#...#.##..#####.##.#
#.................##.#
#.#.#.##############.##
#.....# ##..##
###.########## #...).
#(# #.....# #.#.## #.#
#<....######+####
####.#
#..........#.....


You could see an orc priest and an orc.

Vanquished Creatures
  An adder (D:2)
  An ooze (D:2)
  A giant gecko (D:1)
  3 bats (D:1)
  A giant cockroach (D:1)
  2 goblins
  3 hobgoblins
  4 kobolds
  5 rats
21 creatures vanquished.

Notes
Turn   | Place    | Note
--------------------------------------------------------------
     0 | D:1      | RepoMan the Ghoul Warper began the quest for the Orb.
     0 | D:1      | Reached XP level 1. HP: 17/17 MP: 2/2
    51 | D:1      | Reached skill level 1 in Armour
   152 | D:1      | Reached XP level 2. HP: 24/24 MP: 3/3
   586 | D:1      | Learned a level 2 spell: Blink
   807 | D:2      | Reached XP level 3. HP: 29/29 MP: 5/5
   889 | D:2      | Found a blossoming altar of Fedhas.
  1182 | D:3      | Noticed a sky beast
  1187 | D:2      | Killed from afar by an orc priest

Skill      XL: |  1  2 |
---------------+-------+-----
Armour         | 1 |  1.6
Dodging        | 2 |  2.0
Spellcasting   | 2 |  2.2
Long Blades    | 2 |  2.1
Fighting       | |  2.1
Throwing       | |  0.8
Translocations | |  2.8

Action                   || total
-------------------------++-------
Melee: Falchion          ||    53
 Cast: Apportation       ||     2
  Eat: Chunk             ||     9
Armor: Leather armour    ||    10
Dodge: Dodged            ||    23
